 Dungeon Crawl Stone Soup version 0.28.0-1-gb440e238dd (webtiles) character file.

Game seed: 366938034970512000

3915 issech the Basher (level 10, -2/88 HPs)
             Began as a Troll Monk on Feb 26, 2022.
             Was a Believer of Hepliaklqana.
             Slain by a meliai (15 damage)
             ... on level 8 of the Dungeon.
             The game lasted 00:25:49 (7125 turns).

issech the Basher (Troll Monk)                      Turns: 7125, Time: 00:25:50

Health: -2/88      AC:  7    Str: 21    XL:     10   Next: 1%
Magic:  9/9        EV: 13    Int:  6    God:    Hepliaklqana [**....]
Gold:   360        SH:  0    Dex: 16    Spells: 9/9 levels left

rFire   + . .      SeeInvis .   p - +7 Singing Sword {vorpal, sonic wave}
rCold   x . .      Faith    .   (no shield)
rNeg    . . .      Spirit   .   q - +2 robe {Will+}
rPois   .          Reflect  .   (helmet restricted)
rElec   .          Harm     .   v - +0 cloak
rCorr   .          Rampage  .   (gloves unavailable)
Will    +....                   (boots unavailable)
Stlth   ++........              (no amulet)
HPRegen 1.04/turn               o - ring of fire
MPRegen 0.11/turn               (no ring)

@: lethally poisoned (-2 -> -23)
A: reduced essence, large, unfitting armour, claws 3, regeneration 1, shaggy fur
1, tough skin 1
a: Renounce Religion, Recall Ancestor, Ancestor Identity


You were on level 8 of the Dungeon.
You worshipped Hepliaklqana.
Hepliaklqana was pleased with you.
You visited 2 branches of the dungeon, and saw 9 of its levels.

You collected 360 gold pieces.

Inventory:

Hand Weapons
 a - a +0 mace
 b - a +1 long sword of holy wrath
 h - a +0 hunting sling
 l - a +2 flail of protection
 p - the +7 Singing Sword (weapon) {vorpal, sonic wave}
   (You found it on level 6 of the Dungeon)

   It inflicts extra damage upon your enemies.
   It radiates damaging sonic waves as it strikes, especially in combat
   involving dangerous or numerous foes.
 u - a +3 quarterstaff of chaos
 y - a +3 vampiric long sword
 A - a +0 giant spiked club
 E - a +1 whip of flaming
Missiles
 e - 310 stones (quivered)
 g - 129 arrows
 s - 17 poisoned darts
 t - 4 throwing nets
 w - 5 boomerangs
 x - 33 bolts
 C - 3 javelins
 D - 37 sling bullets
Armour
 q - a +2 robe of willpower (worn)
 v - a +0 cloak (worn)
Jewellery
 o - a ring of fire (left claw)
Scrolls
 c - 2 scrolls of enchant weapon
 d - 2 scrolls of teleportation
 f - a scroll of fog
 r - a scroll of blinking
 G - a scroll of vulnerability
Potions
 i - a potion of berserk rage {unknown}
 j - 6 potions of curing {unknown}
 k - 2 potions of mutation {unknown}
 m - 3 potions of heal wounds {unknown}
 n - 3 potions of lignification {unknown}
 B - a potion of degeneration {unknown}
 F - 2 potions of flight {unknown}


   Skills:
 + Level 5.9 Fighting
 + Level 0.9 Long Blades
 + Level 9.6 Maces & Flails
 + Level 6.4 Dodging
 + Level 2.4 Stealth


You had 9 spell levels left.
You didn't know any spells.
Your spell library contained the following spells:

 Spells                   Type           Power      Damage    Failure   Level
 Freeze                   Ice            0%         1d3       45%         1
 Shock                    Conj/Air       0%         1d3       45%         1
 Confusing Touch          Hex            0%         N/A       83%         3
 Mephitic Cloud           Conj/Pois/Air  0%         N/A       83%         3
 Swiftness                Air            0%         N/A       83%         3
 Airstrike                Air            0%         N/A       99%         4
 Hailstorm                Conj/Ice       0%         3d3       99%         4
 Olgreb's Toxic Radiance  Pois           0%         N/A       99%         4
 Yara's Violent Unravell  Hex/Tmut       0%         3d3       100%        5
 Simulacrum               Ice/Necr       0%         N/A       100%        6
 Enfeeble                 Hex            0%         N/A       100%        7


Dungeon Overview and Level Annotations

Branches:
Dungeon (8/15)             Temple (1/1) D:6
   Lair: D:8-11

Altars:
Ashenzari
Cheibriados
Dithmenos
Elyvilon
Fedhas
Gozag
Hepliaklqana
Kikubaaqudgha
Makhleb
Nemelex Xobeh
Qazlal
Ru
Sif Muna
Trog
Uskayaw
Vehumet
Wu Jian
Xom
Yredelemnul
Zin
The Shining One

Shops:
D:7 *

Annotations:
D:5 2 transporters


Innate Abilities, Weirdness & Mutations

Your life essence is reduced to manifest your ancestor. (-10% HP)
You are too large for most types of armour.
You have claws for hands.
Your natural rate of healing is unusually fast.
You are covered in fur. (AC +1)
You have tough skin. (AC +1)


Message History

You swap places.
The meliai hits you with a +0 hand axe. The meliai stings you!
You are poisoned.
The meliai poisons you! The meliai hits you with a +0 hand axe.
The meliai stings you.
You barely miss the meliai.
You feel very sick. The meliai barely misses you.
The meliai hits Cyneburga with a +0 hand axe.
The meliai barely misses you. The meliai hits you with a +0 hand axe!
The meliai barely misses Cyneburga.
The meliai stings you!
You are more poisoned.
The meliai poisons you!
Cyneburga closely misses the meliai.
The meliai hits you with a +0 hand axe.
The meliai barely misses Cyneburga.
The meliai misses you.
You barely miss the meliai.
You feel extremely sick. The meliai closely misses you.
The meliai barely misses Cyneburga.
The meliai closely misses you.
The meliai calls down the wrath of its god upon you.
Something smites you!
* * * LOW HITPOINT WARNING * * *
Cyneburga barely misses the meliai.
The meliai hits you with a +0 hand axe.
* * * LOW HITPOINT WARNING * * *
The meliai completely misses Cyneburga.
The meliai barely misses you.
You barely miss the meliai.
* * * LOW HITPOINT WARNING * * *
You feel extremely sick. The meliai misses you.
The meliai hits Cyneburga with a +0 hand axe.
The meliai barely misses you.
Cyneburga hits the meliai with a +0 quarterstaff!
The meliai closely misses you.
The meliai hits Cyneburga with a +0 hand axe!
The meliai stings you.
* * * LOW HITPOINT WARNING * * *
You are lethally poisoned!
The meliai poisons you!
Cyneburga hits the meliai with a +0 quarterstaff.
The meliai hits you with a +0 hand axe!
You die...

..... .# ..... ..#
.... ..# # #.. #.#
#.###..#######.###
............#....#
.........R.[#....#
.........@y.'....#
............#....#
####...###..##..##
#... ######..#
#.... #.......#
#.... #.......#
#.... ##..#####
#########..######
#................


You could see the friendly Cyneburga the battlemage and a meliai (ally target).

Vanquished Creatures
  Pikel (D:6)
  Sigmund (D:3)
  2 vampire mosquitoes (D:6)
  Menkaure (D:7)
  2 orc warriors (D:6)
  2 ice beasts
  4 black bears
  2 necrophages
  6 ogres
  2 centaurs
  2 lemures (D:6)
  A phantom (D:6)
  2 bullfrogs
  5 scorpions (D:6)
  A hound (D:5)
  An orc priest (D:5)
  A centaur skeleton (D:5)
  Crazy Yiuf (D:4)
  A bullfrog skeleton (D:5)
  Terence (D:3)
  2 iguanas (D:5)
  2 orc wizards
  A scorpion zombie (D:5)
  15 gnolls
  5 adders
  2 ufetubi
  3 worms
  A dart slug (D:4)
  13 orcs
  12 bats
  11 endoplasms
  8 giant cockroaches
  6 goblins
  7 hobgoblins
  7 jackals (D:2)
  10 kobolds
  2 quokkas
  12 ball pythons
  5 frilled lizards
  6 rats
169 creatures vanquished.

Vanquished Creatures (collateral kills)
  A steam dragon (D:7)
  A kobold brigand (D:7)
  A scorpion (D:7)
  A howler monkey (D:7)
  2 orcs (D:7)
6 creatures vanquished.

Vanquished Creatures (others)
  5 fungi (D:6)
  12 plants
  9 withered plants (D:4)
26 creatures vanquished.

Grand Total: 201 creatures vanquished

Notes
Turn   | Place    | Note
-------+----------+-------------------------------------------
     0 | D:1      | issech the Troll Monk began the quest for the Orb.
     0 | D:1      | Reached XP level 1. HP: 22/22 MP: 0/0
   174 | D:1      | Reached skill level 3 in Maces & Flails
   174 | D:1      | Reached XP level 2. HP: 29/29 MP: 1/1
   577 | D:1      | Reached XP level 3. HP: 34/36 MP: 2/2
  1154 | D:2      | You fall into a shaft and drop 1 floor!
  1237 | D:3      | Noticed Sigmund
  1582 | D:2      | Found a faded altar of an unknown god.
  1588 | D:2      | Got Plato's Reference Book on the Glacier
  1797 | D:2      | Got the Catalogue of Vitriolic Ice
  2042 | D:3      | Reached XP level 4. HP: 40/44 MP: 3/3
  2255 | D:3      | Noticed Terence
  2342 | D:3      | Killed Terence
  2415 | D:3      | Found a blossoming altar of Fedhas.
  2428 | D:3      | Killed Sigmund
  2429 | D:3      | Reached skill level 4 in Maces & Flails
  2429 | D:3      | Reached XP level 5. HP: 44/53 MP: 4/4
  2429 | D:3      | Reached XP level 6. HP: 51/61 MP: 5/5
  3101 | D:4      | Found a bloodstained altar of Trog.
  3363 | D:4      | Found a runed translucent door.
  3364 | D:4      | Noticed Crazy Yiuf
  3448 | D:4      | Reached skill level 5 in Maces & Flails
  3663 | D:4      | Found an ancient bone altar of Kikubaaqudgha.
  3825 | D:4      | Killed Crazy Yiuf
  3867 | D:5      | Entered Level 5 of the Dungeon
  3874 | D:5      | Reached XP level 7. HP: 65/68 MP: 6/6
  4041 | D:5      | Found a basalt altar of Yredelemnul.
  4041 | D:5      | Found a sacrificial altar of Ru.
  4077 | D:5      | Found a broken altar of Ashenzari.
  4134 | D:5      | Reached skill level 6 in Maces & Flails
  4362 | D:5      | Reached XP level 8. HP: 76/79 MP: 7/7
  4463 | D:5      | Reached skill level 7 in Maces & Flails
  4463 | D:5      | Reached skill level 5 in Dodging
  4472 | D:5      | Identified the +6 trident of Toommu {venom, *Slow Str+6
                  | Int+4 Dex+3}
  4507 | D:5      | Found a transporter.
  4577 | D:5      | Found a transporter.
  4817 | D:6      | Found a hide-covered altar of Uskayaw.
  4865 | D:6      | Noticed Pikel
  4904 | D:6      | Killed Pikel
  4905 | D:6      | Reached skill level 5 in Fighting
  4905 | D:6      | Reached skill level 8 in Maces & Flails
  4908 | D:6      | Reached XP level 9. HP: 37/88 MP: 8/8
  5062 | D:6      | Found a shimmering altar of Xom.
  5062 | D:6      | Found a glowing silver altar of Zin.
  5062 | D:6      | Noticed an angel
  5193 | D:6      | Found a burning altar of Makhleb.
  5193 | D:6      | Noticed an Executioner
  5344 | D:6      | Reached skill level 9 in Maces & Flails
  5570 | D:6      | Found the +7 Singing Sword {vorpal, sonic wave}
  5830 | D:6      | Found a staircase to the Ecumenical Temple.
  5850 | Temple   | Entered the Ecumenical Temple
  5964 | Temple   | Became a worshipper of Hepliaklqana the Forgotten
  5964 | Temple   | Reached * piety under Hepliaklqana
  5964 | Temple   | Reached ** piety under Hepliaklqana
  5965 | Temple   | Remembered your ancestor Cyneburga as a battlemage
  6093 | D:7      | Found a sparkling altar of Nemelex Xobeh.
  6368 | D:7      | Found Gozag's Platinum Reserve.
  6384 | D:7      | Noticed Menkaure
  6401 | D:7      | Killed Menkaure
  6922 | D:7      | Found an opulent altar of Gozag.
  7099 | D:8      | Reached XP level 10. HP: 84/88 MP: 9/9
  7125 | D:8      | Slain by a meliai

Illustrated notes

Levels and vault maps discovered:
D:1:      minmay_arrival_pointy, layout_loops_corners, minmay_worlds_worst_comb
D:2:      layout_loops_ring, shapermc_ecumenical_altar_rom_forum
D:3:      layout_loops_corners, mainiacjoe_overflow_24_doors,
          skrybe_limestone_x, uniq_terence, uniq_sigmund
D:4:      layout_gridville, kiku_gazebo_garden_becter,
          mainiacjoe_overflow_tiny_flanked, grunt_ministairs_3,
          uniq_crazy_yiuf_cottage
D:5:      layout_rooms, chequers_temple_overflow_statue_of_worship,
          mainiacjoe_overflow_surrounded_room, gammafunk_ghost_gnarly_gnolls,
          serial_park_tiny_2, minmay_fractal_squares_gapless_5
D:6:      old_forge, layout_loops_ring, grunt_temple_overflow_order_and_chaos_1,
          makhleb_altar_promises_db, nicolae_uskayaw_suspiria,
          minmay_temple_entry_glassed_door, uniq_pikel
D:7:      layout_cave_pods, nicolae_gozag_zags_fifth_avenue,
          mainiacjoe_overflow_alcove_4, uniq_menkaure
D:8:      layout_gridville, nicolae_specific_store, serial_bayou_pond_a,
          kennysheep_generic_room_9
Temple:   nicolae_temple_figure_zero

Skill      XL: |  1  2  3  4  5  6  7  8  9 |
---------------+----------------------------+-----
Maces & Flails | 3 4 5 6 8 9 |  9.6
Fighting       | 3 4 5 |  5.9
Dodging        | 3 4 5 6 |  6.4
Stealth        | 2 |  2.4
Long Blades    | |  0.9

Action                   |  1- 3 |  4- 6 |  7- 9 | 10-12 || total
-------------------------+-------+-------+-------+-------++-------
Melee: Mace              |   137 |    43 |       |       ||   180
       Punch             |     1 |     1 |     5 |       ||     7
       Flail             |       |   164 |   332 |       ||   496
       Double sword      |       |       |    14 |     3 ||    17
Throw: Stone             |       |     1 |     1 |       ||     2
Invok: Ancestor Life: Ba |       |       |     1 |       ||     1
  Use: Scroll            |       |     3 |     2 |       ||     5
 Stab: Sleeping          |     2 |     3 |     1 |       ||     6
Armor: Robe              |    84 |    71 |   233 |       ||   388
Dodge: Dodged            |   100 |   128 |   304 |     9 ||   541
